 Dungeon Crawl Stone Soup version 0.31.0-4-g52a2dc7128 (webtiles) character file.

Game seed: 10726156888008143602

11085 ssalbiz the Severer (level 11, -5/97 HPs)
             Began as a Minotaur Berserker on Jan 21, 2024.
             Was an Elder of Trog.
             Slain by a skeletal warrior
             ... wielding a +0 scimitar
              (10 damage)
             ... on level 11 of the Dungeon.
             The game lasted 00:12:00 (10724 turns).

ssalbiz the Severer (Minotaur Berserker)           Turns: 10724, Time: 00:12:01

Health: -5/97      AC: 18    Str: 29    XL:     11   Next: 44%
Magic:  4/10       EV: 13    Int:  4    God:    Trog [****..]
Gold:   245        SH:  0    Dex: 10    Spells: 10/10 levels left

rFire   + . .        C - +2 hand axe (freeze)
rCold   . . .        (no shield)
rNeg    . . .        z - +3 scale mail {rF+}
rPois   +            (helmet restricted)
rElec   .            B - +1 cloak of Tortelloni {Str+3}
rCorr   .            G - +2 pair of gloves {infuse}
SInv    .            A - +0 pair of boots
Will    +....        (no amulet) Stlth
                     l - ring of willpower
HPRegen 0.36/turn    b - ring of poison resistance
MPRegen 0.12/turn

%: infuse magic (1 MP)
@: on berserk cooldown
A: horns 2, retaliatory headbutt
a: Renounce Religion, Berserk, Trog's Hand, Brothers in Arms


You were on level 11 of the Dungeon.
You worshipped Trog.
Trog was greatly pleased with you.
You visited 1 branch of the dungeon, and saw 11 of its levels.

You collected 778 gold pieces.
You spent 533 gold pieces at shops.

Inventory:

Hand Weapons
 C - a +2 hand axe of freezing (weapon)
Missiles
 w - 6 throwing nets (quivered)
 y - 5 javelins
Armour
 z - a +3 scale mail of fire resistance (worn)
 A - a +0 pair of boots (worn)
 B - the +1 cloak of Tortelloni (worn) {Str+3}
   (You found it on level 10 of the Dungeon)

   Str+3:     It affects your strength (+3).
 G - a +2 pair of gloves of infusion (worn)
Jewellery
 b - a ring of poison resistance (right hand)
 l - a ring of willpower (left hand)
Wands
 v - a wand of acid (7)
 D - a wand of paralysis (20)
 F - a wand of polymorph (9)
Scrolls
 a - 3 scrolls of vulnerability {unknown}
 c - 9 scrolls of identify {unknown}
 d - 3 scrolls of noise {unknown}
 e - 2 scrolls of fog {unknown}
 g - 3 scrolls of fear {unknown}
 j - 2 scrolls of amnesia {unknown}
 k - 4 scrolls of teleportation {unknown}
 m - a scroll of blinking {unknown}
 p - 3 scrolls of enchant weapon {unknown}
 q - 3 scrolls of immolation {unknown}
 t - a scroll of poison {unknown}
 x - a scroll of revelation {unknown}
 E - a scroll of summoning {unknown}
Potions
 f - 3 potions of enlightenment {unknown}
 h - 2 potions of ambrosia {unknown}
 i - 4 potions of might {unknown}
 n - 6 potions of curing {unknown}
 o - 3 potions of heal wounds {unknown}
 r - a potion of brilliance {unknown}
 s - a potion of magic {unknown}
 u - a potion of mutation {unknown}
 H - a potion of haste {unknown}
 I - a potion of cancellation {unknown}


   Skills:
 + Level 9.0 Fighting
 - Level 16.8 Axes
 + Level 8.3 Armour
 + Level 7.6 Dodging


You had 10 spell levels left.
You didn't know any spells.
Your spell library was empty.

Dungeon Overview and Level Annotations

Branches:
Dungeon (11/15)            Temple (0/1) D:6            Lair (0/5) D:11
    Orc: D:9-12

Altars:
Ashenzari
Fedhas
Hepliaklqana
Kikubaaqudgha
Qazlal
Wu Jian
Xom
The Shining One

Shops:
D:5 :*((   D:7 (   D:9 [


Innate Abilities, Weirdness & Mutations

You have a pair of horns on your head.
You reflexively headbutt those who attack you in melee.


Message History

Unknown command.
Unknown command.
Unknown command.
Throw: 7 throwing nets
Press: ? - help, Q - select action, (/) - cycle Shift-Dir - straight line, f/p - skeletal warrior
Aim: a skeletal warrior, wielding a +0 scimitar (lightly damaged, covered in acid, 57% to hit)
You throw a throwing net.
The throwing net hits the skeletal warrior.
The skeletal warrior is caught in the net!
The skeletal warrior is lightly damaged.
The skeletal warrior struggles against the net.
The skeletal warrior barely misses you.
The skeletal warrior hits you but does no damage.
The skeletal warrior struggles against the net.
Your skin stops crawling.
You feel less strong-willed.
The skeletal warrior struggles against the net.
The skeletal warrior struggles against the net. x2
The net rips apart, and the skeletal warrior comes free!
The skeletal warrior is no longer covered in acid.
The skeletal warrior hits you with a +0 scimitar.
You feel yourself speed up.
The skeletal warrior attacks as it pursues you!
The skeletal warrior hits you from afar with a +0 trident!
The skeletal warrior attacks as it pursues you!
The skeletal warrior hits you with a +0 scimitar!
The skeletal warrior misses you.
The skeletal warrior attacks as it pursues you!
The skeletal warrior hits you with a +0 scimitar!!
* * * LOW HITPOINT WARNING * * *
The skeletal warrior attacks as it pursues you!
The skeletal warrior hits you from afar with a +0 trident!
* * * LOW HITPOINT WARNING * * *
The skeletal warrior attacks as it pursues you!
The skeletal warrior hits you with a +0 scimitar!
* * * LOW HITPOINT WARNING * * *
The skeletal warrior attacks as it pursues you!
The skeletal warrior closely misses you.
The skeletal warrior attacks as it pursues you!
The skeletal warrior hits you with a +0 scimitar!
You die...

#...~~~.♣# #z## .......
.....##..P~~~≈.# #z## #......#
....##...~~~~)# #... #.$....#
#...##....~...# #... #......#
#...##......#####.##
#......#...#...##............#
###......#...#...##.....l......#
<........#...#...##.z.z.[#####.#
.........#:..#>.@##.......## #.#
###......#...#...z.z.......# #.#
#......#...#......♣..P...# #.#
#......#...#...##..~.~~..# #.#
#..........#...##§§§~~~.## .#
#..............##.§§~~≈P#
###..##..#.....[.##§.§~~~P####
.....##..#..###..##............##
.....##..#..# #......>...........


You could see 2 skeletal warriors.

Vanquished Creatures
  Harold (D:10)
  A skeletal warrior (D:11)
  An elephant (D:11)
  An orange demon (D:11)
  An ice devil (D:11)
  A kobold demonologist (D:10)
  A red devil (D:11)
  A hellwing (D:11)
  A hornet (D:8)
  4 trolls
  Grinder (D:6)
  A wraith (D:9)
  19 yaks
  2 wyverns
  A fire bat (D:10)
  3 vampire mosquitoes (D:11)
  3 steam dragons
  A hell hound (D:10)
  A sky beast (D:10)
  3 orc warriors
  2 black bears
  2 ogres
  A phantom (D:2)
  A bullfrog (D:8)
  8 scorpions
  2 gnoll sergeants
  3 wights (D:7)
  8 killer bees (D:9)
  4 howler monkeys
  A bombardier beetle (D:5)
  2 jellies
  2 quasits (D:11)
  3 hounds
  An orc priest (D:6)
  2 gnoll boudas
  2 iguanas
  5 orc wizards
  21 gnolls
  3 adders
  2 ufetubi (D:6)
  3 dart slugs
  36 orcs
  5 bats
  12 endoplasms
  7 giant cockroaches
  4 goblins
  6 hobgoblins
  10 jackals
  8 kobolds
  2 quokkas
  6 ball pythons
  6 frilled lizards
  6 rats
234 creatures vanquished.

Notes
Turn   | Place    | Note
-------+----------+-------------------------------------------
     0 | D:1      | ssalbiz the Minotaur Berserker began the quest for the Orb.
     0 | D:1      | Reached XP level 1. HP: 19/19 MP: 0/0
    13 | D:1      | Reached skill level 4 in Axes
    13 | D:1      | Reached XP level 2. HP: 12/26 MP: 1/1
   270 | D:1      | Reached skill level 5 in Axes
   370 | D:1      | Reached XP level 3. HP: 30/31 MP: 2/2
  1133 | D:2      | Reached ** piety under Trog
  1382 | D:2      | Noticed a phantom
  1393 | D:2      | Killed a phantom
  1394 | D:2      | Reached skill level 6 in Axes
  1394 | D:2      | Reached XP level 4. HP: 26/39 MP: 3/3
  1580 | D:2      | Reached XP level 5. HP: 45/45 MP: 4/4
  1585 | D:2      | Reached skill level 7 in Axes
  3085 | D:4      | Reached skill level 8 in Axes
  3085 | D:4      | Reached XP level 6. HP: 26/51 MP: 5/5
  3181 | D:4      | Found a stormy altar of Qazlal.
  3270 | D:4      | Found a glowing golden altar of the Shining One.
  3497 | D:4      | Reached skill level 9 in Axes
  3636 | D:4      | Reached XP level 7. HP: 18/57 MP: 6/6
  4120 | D:5      | Entered Level 5 of the Dungeon
  4296 | D:5      | Reached skill level 10 in Axes
  4341 | D:5      | Found Cemnot's Book Emporium.
  4457 | D:5      | Found an ornate altar of the Wu Jian Council.
  4491 | D:5      | Found Domoyt Qont's Assorted Antiques.
  4511 | D:5      | Bought a runed scale mail for 154 gold pieces
  4842 | D:5      | Bought a runed hand axe for 132 gold pieces
  4871 | D:5      | Found Ahonk's Weapon Emporium.
  4897 | D:5      | Found a hazy altar of Hepliaklqana.
  4987 | D:5      | Found Refuwk's Antique Weapon Shoppe.
  5200 | D:6      | Reached skill level 11 in Axes
  5215 | D:6      | Reached *** piety under Trog
  5268 | D:6      | Found a staircase to the Ecumenical Temple.
  5327 | D:6      | Reached XP level 8. HP: 64/64 MP: 7/7
  5378 | D:6      | Noticed Grinder
  5389 | D:6      | Reached skill level 12 in Axes
  5394 | D:6      | Killed Grinder
  5488 | D:6      | Reached skill level 13 in Axes
  5660 | D:6      | You fall into a shaft and drop 1 floor!
  5813 | D:7      | Reached skill level 14 in Axes
  5951 | D:7      | Found Nuzo's Weapon Shoppe.
  6222 | D:6      | Reached XP level 9. HP: 70/70 MP: 8/8
  6658 | D:7      | Identified the +0 whip of Valiance {drain, rF++ Int+3}
  6747 | D:7      | Found a broken altar of Ashenzari.
  6772 | D:7      | Found a blossoming altar of Fedhas.
  7143 | D:8      | Reached skill level 15 in Axes
  7702 | D:9      | Found Suowashro's Antique Armour Boutique.
  7717 | D:9      | Bought a pair of runed gloves for 247 gold pieces
  7997 | D:9      | Reached skill level 16 in Axes
  8143 | D:9      | Reached **** piety under Trog
  9069 | D:10     | Entered Level 10 of the Dungeon
  9072 | D:10     | Found an ancient bone altar of Kikubaaqudgha.
  9099 | D:10     | Reached XP level 10. HP: 78/78 MP: 3/9
  9219 | D:10     | Identified the +1 cloak of Tortelloni {Str+3}
  9284 | D:10     | Reached skill level 5 in Fighting
  9408 | D:10     | Found a shimmering altar of Xom.
  9412 | D:10     | Reached skill level 5 in Armour
  9566 | D:10     | Noticed Harold
  9581 | D:10     | Killed Harold
  9582 | D:10     | Reached skill level 5 in Dodging
  9680 | D:10     | Noticed a sun demon
 10231 | D:11     | Noticed an orange demon
 10235 | D:11     | Reached XP level 11. HP: 92/92 MP: 0/10
 10592 | D:11     | Noticed a skeletal warrior
 10610 | D:11     | Killed a skeletal warrior
 10668 | D:11     | Found a staircase to the Lair.
 10668 | D:11     | Noticed a skeletal warrior
 10676 | D:11     | Noticed a skeletal warrior
 10676 | D:11     | Noticed a skeletal warrior
 10681 | D:11     | Noticed a skeletal warrior
 10719 | D:11     | HP: 3/97 [skeletal warrior/+0 scimitar (16)]
 10724 | D:11     | Slain by a skeletal warrior

Illustrated notes

Levels and vault maps discovered:
D:1:      psy_arrival_statuary, layout_basic, serial_forest,
          infiniplex_forest_clump_double, infiniplex_forest_zigzag_1,
          infiniplex_forest_clump_diagonal, infiniplex_forest_clump_medium,
          infiniplex_forest_lined_room_, infiniplex_forest_clump_tiny,
          chequers_mini_garden
D:2:      layout_loops_corners, glass_columns_a
D:3:      layout_loops_corners
D:4:      layout_basic, tso_oasis_becter, nicolae_qazlal_general_emergency
D:5:      layout_basic, pf_just_have_faith, nzn_wu_jian_contemplation,
          serial_shops, shop, shop_statue, nicolae_shop_real_fake_doors, shop,
          item_on_display_a
D:6:      layout_rooms, minmay_temple_entry_hall, uniq_grinder
D:7:      layout_loops_corners, fedhas_altar_3, nicolae_overflow_hidden_temple,
          serial_shops, nicolae_shop_tiny_statue_garden, nicolae_hexahallways
D:8:      layout_cave_pools
D:9:      layout_cave_pods, serial_shops, nicolae_shop_getting_attention,
          grunt_ministairs_11, nicolae_titane
D:10:     layout_loops_ring, nicolae_kikubaaqudgha_miasma_corner,
          regret_index_xom_of_box, uniq_harold
D:11:     layout_long_grid, david_lair_generic, serial_demonic,
          serial_demonic_g, serial_demonic_g, serial_demonic_f, serial_demonic_f

Skill      XL: |  1  2  3  4  5  6  7  8  9 10 11 |
---------------+----------------------------------+-----
Axes           | 4 5 6 8 9 11 14 16 | 16.8
Fighting       | 4 7 9 |  9.0
Armour         | 3 6 8 |  8.3
Dodging        | 6 7 |  7.6

Action                     |  1- 3 |  4- 6 |  7- 9 | 10-12 || total
---------------------------+-------+-------+-------+-------++-------
  Melee: Hand axe          |    74 |    96 |   268 |   119 ||   557
         Headbutt          |     8 |    20 |    46 |    21 ||    95
         Punch             |     1 |     2 |     2 |       ||     5
  Throw: Javelin           |       |       |    12 |       ||    12
         Throwing net      |       |       |     1 |     1 ||     2
 Invoke: Berserk           |     1 |     4 |    15 |    11 ||    31
         Trog's Hand       |       |     2 |     1 |     2 ||     5
         Brothers in Arms  |       |       |       |     1 ||     1
  Evoke: Wand              |       |       |       |     5 ||     5
 Armour: Animal skin       |    48 |    48 |    10 |       ||   106
         Scale mail        |       |       |   132 |    96 ||   228
  Dodge: Dodged            |    45 |    63 |    84 |    53 ||   245
